 Dungeon Crawl Stone Soup version 0.19-a0-700-gd2fa977 (webtiles) character file.

524 Laan the Destroyer (level 7, -1/36 HPs)
             Began as a Gargoyle Fire Elementalist on June 19, 2016.
             Slain by an ogre
             ... wielding a +0 giant spiked club
              (19 damage)
             ... on level 4 of the Dungeon.
             The game lasted 00:11:52 (4619 turns).

Laan the Destroyer (Gargoyle Fire Elementalist)     Turns: 4619, Time: 00:11:52

Health: -1/36      AC:  8    Str: 12    XL:     7   Next: 22%
Magic:  3/10       EV: 12    Int: 21    God:
Gold:   355        SH:  0    Dex: 10    Spells: 3 memorised, 2 levels left

rFire  + . .     SeeInvis +     u - -1 mace (curse)
rCold  . . .     Gourm    .     a - +0 robe
rNeg   + . .     Faith    .     (no shield)
rPois  ∞         Spirit   .     o - +1 helmet {SInv}
rElec  +         Dismiss  .     (no cloak)
rCorr  .         Reflect  .     (no gloves)
SustAt .         Harm     .     (no boots)
MR     .....                    (no amulet)
Stlth  ++........               r - +4 ring of intelligence
                                e - ring of protection from fire

@: not resistant to hostile enchantments, unstealthy
A: negative energy resistance 1, electricity resistance, unbreathing,
petrification resistance, rot immunity, AC +4
a: no special abilities


You were on level 4 of the Dungeon.
You were not hungry.

You visited 1 branch of the dungeon, and saw 4 of its levels.
You also visited: Ossuary.

You collected 355 gold pieces.

Inventory:

Hand Weapons
 n - a +0 mace of draining
 s - a +2 dagger of holy wrath
 u - a cursed -1 mace (weapon)
Armour
 a - a +0 robe (worn)
 o - a +1 helmet of see invisible (worn)
Magical Staves
 t - an uncursed staff of cold {unknown}
Jewellery
 e - a ring of protection from fire (left hand)
 r - a +4 ring of intelligence (right hand)
Wands
 l - a wand of flame (22/48)
Scrolls
 d - 7 scrolls of identify
 f - a scroll of fog {unknown}
 k - 2 scrolls of teleportation
 x - a scroll of amnesia {unknown}
 y - a scroll of recharging {unknown}
Potions
 g - a potion of brilliance
 h - 4 potions of flight {unknown}
 i - 2 potions of haste {unknown}
 j - a potion of cure mutation {unknown}
 m - 5 potions of mutation {unknown}
 p - 3 potions of ambrosia {unknown}
 q - 2 potions of berserk rage {unknown}
 v - 2 potions of curing {unknown}
 w - 3 potions of lignification {unknown}
 z - a potion of heal wounds {unknown}
Books
 b - a book of Flames

   Spells                             Type                      Level
   a - Flame Tongue                   Conjuration/Fire             1
   b - Throw Flame                    Conjuration/Fire             2
   c - Conjure Flame                  Conjuration/Fire             3
   d - Inner Flame                    Hexes/Fire                   3
   e - Sticky Flame                   Conjuration/Fire             4
   f - Fireball                       Conjuration/Fire             5
Comestibles
 c - 4 bread rations


   Skills:
 - Level 1.5 Dodging
 - Level 2.1 Stealth
 - Level 2.0 Spellcasting
 + Level 8.2 Conjurations
 - Level 3.0 Fire Magic


You had 2 spell levels left.
You knew the following spells:

 Your Spells              Type           Power        Failure   Level  Hunger
a - Flame Tongue          Conj/Fire      ####.        1%          1    #......
b - Conjure Flame         Conj/Fire      ####....     4%          3    ###....
c - Sticky Flame          Conj/Fire      ####....     17%         4    #####..


Dungeon Overview and Level Annotations

Branches:
Dungeon (4/15)
 Temple: D:4-7

Altars:
Ashenzari
Dithmenos
Hepliaklqana
Pakellas
Ru


Innate Abilities, Weirdness & Mutations

You are resistant to torment.
Your stone body is resilient. (AC +4)
You are immune to poison.
You resist negative energy. (rN+)
You are resistant to electric shocks. (rElec)
You can survive without breathing.
You are immune to petrification.
You are immune to rotting.


Message History

The ogre hits you with a giant spiked club!!
Ouch! That really hurt!
Casting: Flame Tongue
Confirm with . or Enter, or press ? or * to list all spells.
Aiming: Flame Tongue
Press: ? - help, Shift-Dir - straight line, f/p - ogre
Aim: an ogre, wielding a giant spiked club (heavily wounded)
The flame tongue hits the ogre.
The ogre is severely wounded.
The ogre closely misses you.
Casting: Flame Tongue
Confirm with . or Enter, or press ? or * to list all spells.
Aiming: Flame Tongue
Press: ? - help, Shift-Dir - straight line, f/p - ogre
Aim: an ogre, wielding a giant spiked club (severely wounded)
The flame tongue hits the ogre.
The ogre is almost dead.
The ogre hits you with a giant spiked club!!
Ouch! That really hurt!
You die...

......#.....'.##..####.#
.....#..#...###..##....#
........##..##..##..##.##
........###.#...........#
........+ ##............#
....#..###.............#
...##..##.......>....#.#
#####..#.............#.#
#.......#.@O........#.#
###.###..#.......)....#.#
.####.....................#.#
......#.###.####..........#.#
........)......#..........#.##
##.###....#.##.##..######....#
#.####.##.......####....#
............^.......#....#
#$...##..................##


You could see an ogre.

Vanquished Creatures
  An ogre (D:4)
  Crazy Yiuf (D:3)
  Jessica (D:3)
  Ijyb (D:2)
  An orc wizard (D:2)
  A worker ant (D:3)
  A big kobold zombie (Ossuary)
  A hound skeleton (D:4)
  9 mummies
  4 gnolls (D:3)
  4 adders (D:2)
  An ooze (D:2)
  2 worms
  2 dart slugs (D:1)
  2 giant geckos
  2 orcs (D:3)
  8 bats
  7 goblins
  9 hobgoblins
  5 jackals
  2 kobolds (D:1)
  3 quokkas
  6 ball pythons
  6 giant newts
  2 hobgoblin zombies (Ossuary)
  A jackal skeleton (D:3)
  2 kobold zombies (Ossuary)
  4 orc zombies
  11 rats
100 creatures vanquished.

Vanquished Creatures (others)
  An orc (D:3)
1 creature vanquished.

Grand Total: 101 creatures vanquished

Notes
Turn   | Place    | Note
--------------------------------------------------------------
     0 | D:1      | Laan the Gargoyle Fire Elementalist began the quest for the Orb.
     0 | D:1      | Reached XP level 1. HP: 10/10 MP: 3/3
   153 | D:1      | Reached skill level 2 in Conjurations
   220 | D:1      | Reached XP level 2. HP: 15/15 MP: 3/5
   896 | D:1      | Reached skill level 3 in Conjurations
   938 | D:1      | Reached XP level 3. HP: 16/19 MP: 6/6
  1492 | D:2      | Reached skill level 4 in Conjurations
  1559 | D:2      | Found a shattered altar of Ashenzari.
  1560 | D:2      | Found a shadowy altar of Dithmenos.
  1571 | D:2      | Reached XP level 4. HP: 24/24 MP: 4/7
  2099 | D:2      | Found an oddly glowing altar of Pakellas.
  2432 | D:3      | Noticed Ijyb
  2545 | D:2      | Reached skill level 5 in Conjurations
  2545 | D:2      | Reached XP level 5. HP: 28/28 MP: 0/8
  2650 | D:2      | Killed Ijyb
  2697 | D:3      | Noticed Jessica
  2699 | D:3      | Killed Jessica
  2781 | D:3      | Learned a level 3 spell: Conjure Flame
  2786 | D:3      | Learned a level 4 spell: Sticky Flame
  2941 | D:3      | Reached skill level 6 in Conjurations
  3034 | D:3      | Reached XP level 6. HP: 25/32 MP: 0/9
  3284 | D:3      | Noticed Crazy Yiuf
  3289 | D:3      | Killed Crazy Yiuf
  3618 | D:3      | Found a sacrificial altar of Ru.
  3710 | D:4      | Found a sand-covered staircase.
  3732 | Ossuary  | Entered an ossuary
  3826 | Ossuary  | Reached skill level 7 in Conjurations
  4477 | D:4      | Found a hazy altar of Hepliaklqana.
  4561 | D:4      | Reached skill level 8 in Conjurations
  4561 | D:4      | Reached XP level 7. HP: 36/36 MP: 5/10
  4619 | D:4      | Slain by an ogre

Vault maps used:
D:1:      dpeg_arrival_rooms_b, minmay_misc_feat_tower
D:2:      lemuel_coloured_pillars_altar, ashenzari_conservatory_becter,
          lemuel_crystal_altar, minmay_shallow_snake_nest
D:3:      lemuel_doored_altar, first_bread, grunt_decor_fettered, uniq_iyjb,
          uniq_jessica, uniq_crazy_yiuf_cottage
D:4:      kennysheep_mini_moat, nicolae_overflow_hidden_temple,
          nicolae_ossuary_entry_giza
Ossuary:  ossuary_tomb_3

Skill      XL: |  1  2  3  4  5  6 |
---------------+-------------------+-----
Conjurations   | 2 3 4 5 6 8 |  8.2
Dodging        | |  1.5
Stealth        | |  2.1
Spellcasting   | |  2.0
Fire Magic     | |  3.0

Action                   |  1- 3 |  4- 6 |  7- 9 || total
-------------------------+-------+-------+-------++-------
Melee: Unarmed           |     5 |       |       ||     5
       Short sword       |    16 |     8 |       ||    24
       Dagger            |       |     4 |       ||     4
 Cast: Flame Tongue      |    50 |   156 |    10 ||   216
  Use: Scroll            |       |     6 |       ||     6
  Eat: Chunk             |     2 |     8 |       ||    10
       Beef jerky        |       |     2 |       ||     2
       Pizza             |       |     1 |       ||     1
Armor: Robe              |    15 |    23 |     1 ||    39
Dodge: Dodged            |    23 |    25 |     3 ||    51
